 Dungeon Crawl Stone Soup version 0.28.0-43-g3370ac3207 (webtiles) character file.

Game seed: 15292601900228888173

21515 adizb the Grappler (level 12, -2/120 HPs)
             Began as a Troll Fighter on Mar 14, 2022.
             Was a Priest of Wu Jian.
             Slain by an 11-headed hydra (7 damage)
             ... on level 1 of the Lair of Beasts.
             The game lasted 00:57:51 (8974 turns).

adizb the Grappler (Troll Fighter)                  Turns: 8974, Time: 00:57:52

Health: -2/120     AC:  6    Str: 29    XL:     12   Next: 54%
Magic:  11/11      EV: 17    Int:  4    God:    Wu Jian [***...]
Gold:   376        SH: 16    Dex: 19    Spells: 11/11 levels left

rFire   x . .      SeeInvis +     - Unarmed
rCold   . . .      Faith    .   b - +0 kite shield
rNeg    . . .      Spirit   .   I - +1 robe of Purpose {+Blink Regen+ Dex-3 SInv}
rPois   +          Reflect  +   (helmet restricted)
rElec   +          Harm     .   a - +0 cloak
rCorr   .          Rampage  .   (gloves unavailable)
Will    .....                   (boots unavailable)
Stlth   ++........              P - amulet of reflection
HPRegen 1.90/turn               L - ring "Qemiof" {rPois EV+4 Dex+7}
MPRegen 0.12/turn               V - ring "Ibbed" {rElec rPois rF- Dex+4 Slay+4}

@: lethally poisoned (-2 -> -5), studying Throwing
A: large, unfitting armour, claws 3, regeneration 1, shaggy fur 1, tough skin 1
a: Renounce Religion, Evoke Blink, Wall Jump, Serpent's Lash


You were on level 1 of the Lair of Beasts.
You worshipped Wu Jian.
Wu Jian was most pleased with you.
You visited 3 branches of the dungeon, and saw 13 of its levels.
You also visited: Ossuary.

You collected 737 gold pieces.
You spent 361 gold pieces at shops.

Inventory:

Hand Weapons
 o - a +6 dire flail of holy wrath
 r - a +5 vorpal long sword
 W - a +1 scimitar of flaming
Missiles
 n - 50 poisoned darts
 q - 3 boomerangs
 w - 2 curare-tipped darts
 x - a throwing net
 B - 12 atropa-tipped darts
Armour
 a - a +0 cloak (worn)
 b - a +0 kite shield (worn)
 p - a +1 robe of positive energy
 I - the +1 robe of Purpose (worn) {+Blink Regen+ Dex-3 SInv}
   (You bought it in a shop on level 6 of the Dungeon)

   Dex:       It affects your dexterity (-3).
   SInv:      It lets you see invisible.
   +Blink:    It lets you blink.
   Regen:     It increases your rate of health regeneration.
 O - +0 acid dragon scales
 T - a +0 troll leather armour
 X - a +2 robe of fire resistance
Jewellery
 e - a ring of resist corrosion
 m - an amulet of the acrobat
 L - the ring "Qemiof" (left claw) {rPois EV+4 Dex+7}
   (You bought it in a shop on level 7 of the Dungeon)

   [ring of evasion]

   EV:        It affects your evasion (+4).
   Dex:       It affects your dexterity (+7).
   rPois:     It protects you from poison.
 P - an amulet of reflection (around neck)
 U - a ring of protection from cold
 V - the ring "Ibbed" (right claw) {rElec rPois rF- Dex+4 Slay+4}
   (You found it on level 8 of the Dungeon)

   [ring of slaying]

   Dex:       It affects your dexterity (+4).
   Slay:      It affects your accuracy & damage with ranged weapons and melee
   (+4).
   rF:        It makes you vulnerable to fire.
   rElec:     It insulates you from electricity.
   rPois:     It protects you from poison.
Wands
 k - a wand of iceblast (6)
 E - a wand of acid (15)
 H - a wand of digging (5)
 K - a wand of flame (7)
 Q - a wand of mindburst (2)
 Z - a wand of polymorph (1) (quivered)
Scrolls
 g - 2 scrolls of fog
 h - 2 scrolls of summoning
 s - 2 scrolls of magic mapping
 v - 2 scrolls of enchant armour {unknown}
 y - a scroll of silence {unknown}
 F - a scroll of enchant weapon {unknown}
 M - 3 scrolls of blinking
 N - 4 scrolls of teleportation
 S - a scroll of immolation {unknown}
Potions
 c - 4 potions of might
 d - 4 potions of curing
 f - 2 potions of brilliance
 i - 4 potions of attraction
 j - 4 potions of heal wounds
 l - 3 potions of flight
 t - 3 potions of ambrosia
 u - 4 potions of mutation {unknown}
 z - a potion of degeneration {unknown}
 C - a potion of invisibility {unknown}
 R - 2 potions of haste {unknown}
 Y - 2 potions of resistance {unknown}
Miscellaneous
 J - a piece from Xom's chessboard (15/15)


   Skills:
 + Level 8.2 Fighting
 + Level 3.8 Throwing
 - Level 1.0 Armour
 + Level 8.1 Dodging
 + Level 8.1 Shields
 * Level 13.2 Unarmed Combat
 - Level 2.0 Evocations


You had 11 spell levels left.
You didn't know any spells.
Your spell library contained the following spells:

 Spells                   Type           Power      Damage    Failure   Level
 Pain                     Necr           0%         1d4       75%         1
 Shock                    Conj/Air       0%         1d3       75%         1
 Scorch                   Fire           0%         2d5       86%         2
 Frozen Ramparts          Ice            0%         1d2       98%         3
 Inner Flame              Hex/Fire       0%         N/A       98%         3
 Swiftness                Air            0%         N/A       98%         3
 Tukima's Dance           Hex            0%         N/A       98%         3
 Airstrike                Air            0%         N/A       100%        4
 Anguish                  Hex/Necr       0%         N/A       100%        4
 Animate Armour           Summ/Erth      0%         N/A       100%        4
 Cause Fear               Hex            0%         N/A       100%        4
 Flame Wave               Conj/Fire      0%         2d4       100%        4
 Ice Form                 Ice/Tmut       0%         N/A       100%        4
 Petrify                  Tmut/Erth      0%         N/A       100%        4
 Summon Ice Beast         Ice/Summ       0%         N/A       100%        4
 Agony                    Necr           0%         N/A       100%        5
 Blade Hands              Tmut           0%         N/A       100%        5
 Excruciating Wounds      Necr           0%         N/A       100%        5
 Metabolic Englaciation   Hex/Ice        0%         N/A       100%        5
 Iron Shot                Conj/Erth      0%         9d1       100%        6
 Statue Form              Tmut/Erth      0%         N/A       100%        6
 Summon Cactus Giant      Summ           0%         N/A       100%        6
 Enfeeble                 Hex            0%         N/A       100%        7
 Discord                  Hex            0%         N/A       100%        8


Dungeon Overview and Level Annotations

Branches:
Dungeon (11/15)            Temple (1/1) D:7            Lair (1/6) D:11
    Orc (0/2) D:11        Ossuary (visited)

Altars:
Ashenzari
Cheibriados
Dithmenos
Elyvilon
Fedhas
Gozag
Hepliaklqana
Kikubaaqudgha
Makhleb
Nemelex Xobeh
Okawaru
Qazlal
Ru
Sif Muna
Trog
Uskayaw
Vehumet
Wu Jian
Xom
Yredelemnul
Zin
The Shining One

Shops:
D:3 :   D:6 [   D:7 (**?=

Annotations:
D:3 2 transporters


Innate Abilities, Weirdness & Mutations

You are too large for most types of armour.
You have claws for hands.
Your natural rate of healing is unusually fast.
You are covered in fur. (AC +1)
You have tough skin. (AC +1)


Message History

You block the black mamba's attack. The black mamba barely misses you.
The black mamba bites you!
* * * LOW HITPOINT WARNING * * *
You block the black mamba's attack.
You feel much better. You block the black mamba's attack.
The black mamba bites the fungus!!
The fungus begins to die.
The black mamba bites the fungus.
A cane toad comes into view.
The cane toad moves out of view.
There is nothing to wall jump against here.
The cane toad croaks.
You scratch the cane toad.
The cane toad is lightly wounded.
You block the cane toad's attack.
You mangle the cane toad!!
The cane toad is almost dead.
The 11-headed hydra bites you!
You block the 11-headed hydra's attack. x2
The 11-headed hydra misses you. You block the 11-headed hydra's attack.
The 11-headed hydra barely misses you.
The 11-headed hydra bites you but does no damage.
The 11-headed hydra bites you. You block the 11-headed hydra's attack.
The 11-headed hydra barely misses you. The 11-headed hydra bites you.
The cane toad closely misses you. The black mamba completely misses you.
You claw the cane toad!
You kill the cane toad!
The Council accepts your kill. The black mamba bites you.
You are poisoned.
The black mamba poisons you! You block the 11-headed hydra's attack.
The 11-headed hydra closely misses you. The 11-headed hydra bites you!
* * * LOW HITPOINT WARNING * * *
The 11-headed hydra closely misses you. The 11-headed hydra bites you!
* * * LOW HITPOINT WARNING * * *
The 11-headed hydra bites you but does no damage.
The 11-headed hydra bites you!
* * * LOW HITPOINT WARNING * * *
The 11-headed hydra bites you but does no damage.
The 11-headed hydra bites you!
You die...

#...## ####.##.####
###...####P##....../.
#.....?.......P#.####
##..P####P....####
#.......#####.## ###.###.#
#..# ##.##P.# #.## #...##.#
#.# ..##...# #@## .##
##..## ##DS# ..
##...###..## .#
##.....##.## #.........# ##
#........)†.#########.# ##.
#..##.......P##....... ...
##...........#...###.##.##.
####P..##.(#.#...##.......


You could see a 11-headed hydra and a black mamba.

Vanquished Creatures
  A boulder beetle (D:11)
  A hydra (Lair:1)
  An ogre mage (D:10)
  Erica (D:9)
  11 two-headed ogres
  A manticore (D:11)
  An ugly thing (D:11)
  Maurice (D:9)
  A gargoyle (D:11)
  Maggie (D:7)
  A cane toad (Lair:1)
  5 kobold demonologists
  2 trolls (D:11)
  Prince Ribbit (D:7)
  4 blink frogs (Lair:1)
  A wyvern (D:10)
  A vampire (D:11)
  13 yaks
  A steam dragon (D:10)
  Edmund (D:4)
  2 water moccasins
  2 hornet zombies
  4 orc warriors
  2 black bears (D:4)
  4 ogres
  4 centaurs
  10 kobold brigands
  2 gnoll sergeants
  2 bullfrogs
  6 scorpions
  5 water moccasin zombies (Ossuary)
  A wyvern skeleton (D:6)
  8 wights
  An electric eel (D:6)
  2 howler monkeys (D:11)
  5 centaur zombies
  5 hounds
  2 jellies
  2 bullfrog skeletons
  4 orc priests
  Natasha (twice) (D:4)
  2 iguanas
  4 orc wizards
  A killer bee zombie (D:9)
  2 mummies (Ossuary)
  A howler monkey zombie (D:8)
  16 gnolls
  6 adders
  3 white imps
  An ufetubus (D:7)
  5 adder zombies (Ossuary)
  2 worms (D:4)
  2 dart slugs (D:1)
  25 orcs
  5 bats
  4 endoplasms
  A giant cockroach (D:3)
  9 goblins
  8 hobgoblins
  8 jackals
  29 kobolds
  4 quokkas
  4 ball pythons
  2 frilled lizards
  5 gnoll zombies (Ossuary)
  8 hobgoblin zombies (Ossuary)
  5 kobold zombies (Ossuary)
  5 orc zombies (Ossuary)
  5 rats
297 creatures vanquished.

Vanquished Creatures (others)
  3 fungi (Lair:1)
3 creatures vanquished.

Grand Total: 300 creatures vanquished

Notes
Turn   | Place    | Note
-------+----------+-------------------------------------------
     0 | D:1      | adizb the Troll Fighter began the quest for the Orb.
     0 | D:1      | Reached XP level 1. HP: 22/22 MP: 0/0
   221 | D:1      | Reached XP level 2. HP: 29/29 MP: 1/1
   345 | D:1      | Found a faded altar of an unknown god.
   848 | D:1      | Reached XP level 3. HP: 36/36 MP: 2/2
  1181 | D:2      | Found a hazy altar of Hepliaklqana.
  1617 | D:2      | Reached XP level 4. HP: 34/44 MP: 3/3
  1667 | D:2      | Reached skill level 1 in Armour
  1667 | D:2      | Reached skill level 3 in Unarmed Combat
  1793 | D:3      | Found Fyechas's Book Shop.
  1826 | D:3      | Found a transporter.
  2073 | D:3      | Found a transporter.
  2365 | D:3      | Found a sparkling altar of Nemelex Xobeh.
  2366 | D:3      | Found an opulent altar of Gozag.
  2398 | D:3      | Reached XP level 5. HP: 53/53 MP: 4/4
  2682 | D:4      | Identified the +6 hunting sling "Anaufuj" {vorpal, rPois
                  | SInv Stlth+}
  2720 | D:4      | Noticed Natasha
  2731 | D:4      | Killed Natasha
  2732 | D:4      | Reached skill level 4 in Unarmed Combat
  2893 | D:4      | Reached XP level 6. HP: 61/61 MP: 5/5
  3041 | D:4      | Found a sand-covered staircase.
  3048 | Ossuary  | Entered an ossuary
  3162 | Ossuary  | Reached skill level 5 in Unarmed Combat
  3162 | Ossuary  | Reached XP level 7. HP: 62/68 MP: 6/6
  3298 | D:4      | Noticed Edmund
  3329 | D:4      | Killed Edmund
  3474 | D:4      | Reached skill level 6 in Unarmed Combat
  3623 | D:4      | Reached XP level 8. HP: 70/78 MP: 7/7
  3769 | D:5      | Entered Level 5 of the Dungeon
  3787 | D:4      | Noticed Natasha
  3804 | D:4      | Killed Natasha
  3970 | D:5      | Reached skill level 7 in Unarmed Combat
  4830 | D:6      | Reached skill level 5 in Fighting
  4830 | D:6      | Reached XP level 9. HP: 74/88 MP: 8/8
  4908 | D:6      | Reached skill level 5 in Shields
  5085 | D:6      | Reached skill level 5 in Dodging
  5090 | D:6      | Found Dirof's Antique Armour Shoppe.
  5219 | D:6      | Bought a shadowed robe for 153 gold pieces
  5219 | D:6      | Identified the +1 robe of Purpose {+Blink Regen+ Dex-3
                  | SInv} (You bought it in a shop on level 6 of the Dungeon)
  5537 | D:7      | Found Zunun's Assorted Antiques.
  5588 | D:7      | Reached skill level 8 in Unarmed Combat
  5597 | D:7      | Bought a scroll of identify for 52 gold pieces
  5597 | D:7      | Bought a scroll labelled BOYGRE ACUITUN for 26 gold pieces
  5597 | D:7      | Bought a fine platinum ring for 130 gold pieces
  5597 | D:7      | Identified the ring "Qemiof" {rPois EV+4 Dex+7} (You bought
                  | it in a shop on level 7 of the Dungeon)
  5675 | D:7      | Found Node Pei's Weapon Emporium.
  5712 | D:7      | Found a staircase to the Ecumenical Temple.
  5736 | D:7      | Reached skill level 1 in Evocations
  5747 | Temple   | Entered the Ecumenical Temple
  6014 | Temple   | Became a worshipper of the Wu Jian Council
  6062 | D:7      | Noticed Maggie
  6073 | D:7      | Killed Maggie
  6125 | D:7      | Found Fenkiy's Magic Scroll Emporium.
  6219 | D:7      | Found Arekugaf's Jewellery Shoppe.
  6393 | D:7      | Found Vemimeh's General Store.
  6400 | D:7      | Noticed Prince Ribbit
  6406 | D:7      | Killed Prince Ribbit
  6699 | D:8      | Noticed a two-headed ogre
  6718 | D:8      | Killed a two-headed ogre
  6719 | D:8      | Reached skill level 1 in Throwing
  6719 | D:8      | Reached skill level 9 in Unarmed Combat
  6719 | D:8      | Reached XP level 10. HP: 76/98 MP: 9/9
  6892 | D:8      | Identified the ring "Ibbed" {rElec rPois rF- Dex+4 Slay+4}
  6974 | D:9      | Noticed a smoke demon
  6992 | D:9      | Reached * piety under Wu Jian
  7026 | D:9      | Noticed Erica
  7035 | D:9      | Killed Erica
  7226 | D:9      | Reached skill level 10 in Unarmed Combat
  7362 | D:9      | Noticed Maurice
  7369 | D:9      | Killed Maurice
  7530 | D:10     | Entered Level 10 of the Dungeon
  7583 | D:10     | Reached ** piety under Wu Jian
  7652 | D:10     | Noticed an ogre mage
  7652 | D:10     | Noticed a two-headed ogre
  7652 | D:10     | Noticed a two-headed ogre
  7652 | D:10     | Noticed a two-headed ogre
  7652 | D:10     | Noticed a two-headed ogre
  7653 | D:10     | Noticed a two-headed ogre
  7662 | D:10     | Killed a two-headed ogre
  7663 | D:10     | Reached XP level 11. HP: 75/107 MP: 10/10
  7665 | D:10     | Killed an ogre mage
  7671 | D:10     | Killed a two-headed ogre
  7672 | D:10     | Reached skill level 11 in Unarmed Combat
  7680 | D:10     | Killed a two-headed ogre
  7682 | D:10     | Killed a two-headed ogre
  7689 | D:10     | Killed a two-headed ogre
  7722 | D:10     | Noticed a two-headed ogre
  7731 | D:10     | Killed a two-headed ogre
  7837 | D:10     | Noticed a two-headed ogre
  7845 | D:10     | Killed a two-headed ogre
  8097 | D:11     | Found a staircase to the Orcish Mines.
  8118 | D:11     | Noticed a two-headed ogre
  8119 | D:11     | Noticed a two-headed ogre
  8123 | D:11     | Reached skill level 12 in Unarmed Combat
  8127 | D:11     | Killed a two-headed ogre
  8129 | D:11     | Killed a two-headed ogre
  8279 | D:11     | Reached XP level 12. HP: 112/119 MP: 11/11
  8285 | D:11     | Reached *** piety under Wu Jian
  8331 | D:11     | Noticed a boulder beetle
  8347 | D:11     | Killed a boulder beetle
  8409 | D:11     | Acquired a manual of Throwing
  8750 | D:11     | Noticed a two-headed ogre
  8760 | D:11     | Killed a two-headed ogre
  8761 | D:11     | Reached skill level 13 in Unarmed Combat
  8761 | D:11     | Found a staircase to the Lair.
  8773 | Lair:1   | Entered Level 1 of the Lair of Beasts
  8843 | Lair:1   | Noticed a four-headed hydra
  8854 | Lair:1   | Killed a seven-headed hydra
  8873 | Lair:1   | Noticed an eight-headed hydra
  8974 | Lair:1   | HP: 5/120 [11-headed hydra (15)]
  8974 | Lair:1   | Slain by an 11-headed hydra

Illustrated notes

Levels and vault maps discovered:
D:1:      dpeg_arrival_court, layout_loops_corners,
          shapermc_ecumenical_altar_mp_vishouse, minmay_cut_off
D:2:      layout_basic, basic_altar
D:3:      gammafunk_steamed_eel, layout_basic, grunt_temple_overflow_opulence,
          serial_shops, shop
D:4:      layout_gridville, lightli_ossuary_entry_decrepit_ruins,
          mrwooster_statue_mirror, nrook_loot_triangle, uniq_edmund,
          uniq_natasha
D:5:      layout_loops_ring
D:6:      layout_loops_corners, serial_shops, nicolae_inconvenience_store
D:7:      layout_loops_ring, minmay_temple_entry_stoned_glass, serial_shops,
          nicolae_square_shop, nicolae_square_shop, nicolae_square_shop,
          nicolae_shop_bloodbath_and_beyond, shop, uniq_prince_ribbit1,
          uniq_maggie
D:8:      layout_rooms, minmay_statues_item, hellmonk_bongcloud_opening
D:9:      layout_rooms, uniq_erica, uniq_maurice
D:10:     layout_roguey
D:11:     layout_loops_ring, lair_entry_dummy, grunt_potential
Temple:   mainiacjoe_temple_big_plus
Lair:1:   layout_loops_ring, portal_ice_cave_rime, lemuel_fruit_fields

Skill      XL: |  1  2  3  4  5  6  7  8  9 10 11 12 |
---------------+-------------------------------------+-----
Armour         | 1 |  1.0
Unarmed Combat | 3 4 5 6 7 9 10 12 13 | 13.2
Fighting       | 3 4 5 6 7 8 |  8.2
Shields        | 3 4 5 6 7 8 |  8.1
Dodging        | 3 4 5 6 7 8 |  8.1
Evocations     | 2 |  2.0
Throwing       | 1 3 |  3.8

Action                   |  1- 3 |  4- 6 |  7- 9 | 10-12 || total
-------------------------+-------+-------+-------+-------++-------
Melee: Unarmed           |   106 |   202 |   312 |   371 ||   991
       Scimitar          |       |       |       |     2 ||     2
Throw: Dart              |       |       |    10 |    27 ||    37
       Throwing net      |       |       |     1 |       ||     1
       Boomerang         |       |       |       |     5 ||     5
Invok: Lunge             |       |       |     5 |    23 ||    28
       Whirlwind         |       |       |       |    39 ||    39
 Abil: Wall Jump         |       |       |       |     6 ||     6
  Use: Scroll            |       |     3 |     4 |    10 ||    17
       Potion            |       |       |       |     1 ||     1
 Stab: Sleeping          |       |     1 |       |       ||     1
Armor: Robe              |    22 |    40 |    43 |    34 ||   139
       Skin              |       |       |       |     2 ||     2
Dodge: Dodged            |    36 |    66 |   140 |   179 ||   421
Block: Kite shield       |    28 |    64 |   132 |   212 ||   436
       Reflection        |       |       |       |     5 ||     5
